AoeStats
← DrStylus27

Arena

505314380Analyzed
2v2 RM · 24d ago on Sep 8, 2026· 56m 3s· 4 players
Game mode
Random Map
Map size
Medium (4 player)
Population
200
Speed
Normal
Resources
Standard
Victory
Conquest
Starting age
Dark Age
Ending age
Imperial Age
RankedLock teamsTeams togetherTeam positionsShared explorationLock speedFull tech treeHidden civsTurbo modeCheats
Victory
Defeat
🇺🇸 Jurchens · United States
1383
+11
🇬🇧 Teutons · United Kingdom
1040
+24
🇦🇷 Burmese · Argentina
1247
-18
🇦🇷 Burgundians · Argentina
1240
-17
DrStylus27
11:03 Feudal Age
14:44 Castle Age
13:36 Double-Bit Axe
29:43 Horse Collar
32:04 Loom
34:07 Heavy Plow
34:59 Wheelbarrow
38:08 Imperial Age
37:05 Hand Cart
37:01 Scale Barding Armor
37:26 Bloodlines
37:29 Forging
37:30 Gold Mining
38:48 Chain Barding Armor
38:33 Cavalier
40:27 Paladin
41:11 Capped Ram
41:54 Fletching
45:25 Chemistry
45:19 Town Watch
47:54 Plate Barding Armor
47:55 Iron Casting
52:28 Stone Mining
53:52 Blast Furnace
Gladiator
11:00 Feudal Age
14:58 Castle Age
13:00 Double-Bit Axe
14:33 Scale Mail Armor
15:11 Arson
15:39 Forging
16:29 Bow Saw
19:09 Squires
20:45 Chain Mail Armor
27:54 Horse Collar
29:01 Wheelbarrow
30:23 Heavy Plow
32:23 Loom
33:48 Hand Cart
35:16 Town Watch
38:45 Imperial Age
37:52 Iron Casting
37:25 Scale Barding Armor
37:36 Gold Mining
38:31 Siege Engineers
38:47 Ballistics
38:38 Fortified Wall
39:21 Fortified Bastions
39:12 Fletching
39:44 Chain Barding Armor
39:03 Capped Ram
40:53 Blast Furnace
40:18 Conscription
40:29 Bloodlines
40:20 Husbandry
41:45 Chemistry
40:22 Elite Fire Lancer
41:11 Elite Iron Pagoda
44:01 Plate Barding Armor
43:25 Bodkin Arrow
43:27 Murder Holes
45:59 Crop Rotation
46:35 Two-Man Saw
45:37 Town Patrol
53:44 Light Cavalry
54:50 Hussar
55:49 Bracer
56:01 Masonry
55:55 Spies/Treason
Adelfa
11:17 Feudal Age
15:24 Castle Age
14:15 Horse Collar
16:37 Heavy Plow
17:25 Fervor
17:37 Sanctity
33:00 Imperial Age
30:27 Gold Mining
31:28 Wheelbarrow
32:56 Hand Cart
33:23 Elite Arambai
34:55 Bloodlines
34:45 Husbandry
35:43 Parthian Tactics
35:18 Elite Arambai
36:24 Conscription
36:00 Stone Mining
37:03 Manipur Cavalry
37:43 Redemption
38:53 Ballistics
39:34 Chemistry
41:02 Forging
40:57 Scale Barding Armor
40:43 Fletching
41:48 Padded Archer Armor
43:48 Howdah
43:49 Manipur Cavalry
43:41 Town Watch
45:35 Bodkin Arrow
Reinaldo
11:44 Feudal Age
10:37 Double-Bit Axe
10:58 Horse Collar
16:44 Castle Age
18:04 Husbandry
20:28 Wheelbarrow
21:08 Cavalier
22:08 Scale Barding Armor
24:10 Fortified Wall
Connection lost

Rejoining the realm…

Still unreachable

The connection could not be restored.

Session expired

The server has moved on; the page needs a fresh start.